 Dungeon Crawl Stone Soup version 0.31.0-32-g396128a36d (webtiles) character file.

Game seed: 14327997688618635910

92 unlimited1921 the Chopper (level 4, -6/41 HPs)
             Began as a Gnoll Cinder Acolyte on Mar 23, 2024.
             Was a High Priest of Ignis.
             Mangled by a goblin
             ... wielding a +4 dagger of electrocution
              (11 damage)
             ... on level 3 of the Dungeon.
             The game lasted 00:05:23 (2913 turns).

unlimited1921 the Chopper (Gnoll Cinder Acolyte)    Turns: 2913, Time: 00:05:23

Health: -6/41      AC: 10    Str: 13    XL:     4   Next: 60%
Magic:  8/8        EV: 16    Int: 14    God:    Ignis [*****.]
Gold:   83         SH:  0    Dex:  9    Spells: 9/9 levels left

rFire   + . .        a - -1 hand axe (flame)
rCold   . . .        (no shield)
rNeg    . . .        l - +0 leather armour
rPois   .            (no helmet)
rElec   .            (no cloak)
rCorr   .            (no gloves)
SInv    .            (no boots)
Will    .....        (no amulet)
Stlth   +            o - +5 ring of evasion
HPRegen 0.26/turn    (no ring)
MPRegen 0.11/turn

%: no passive effects
@: fiery-armoured
A: fangs 1, strong nose, distributed training
a: Renounce Religion, Fiery Armour, Foxfire Swarm, Rising Flame


You were on level 3 of the Dungeon.
You worshipped Ignis.
Ignis was extremely pleased with you.
You visited 1 branch of the dungeon, and saw 3 of its levels.

You collected 83 gold pieces.

Inventory:

Hand Weapons
 a - a -1 hand axe of flaming (weapon)
 m - a +0 dagger of protection
 s - a +0 rapier
Missiles
 i - 2 poisoned darts (quivered)
 q - 2 javelins
 r - 3 boomerangs
Armour
 b - a +0 robe
 k - a +0 ring mail
 l - a +0 leather armour (worn)
Jewellery
 o - a +5 ring of evasion (left hand)
Talismans
 t - a blade talisman
Scrolls
 c - a scroll of blinking {unknown}
 e - 2 scrolls of identify {unknown}
 n - a scroll of enchant weapon {unknown}
Potions
 d - a potion of enlightenment {unknown}
 f - a potion of heal wounds {unknown}
 g - 2 potions of curing {unknown}
 h - a potion of magic {unknown}
 j - 2 potions of mutation {unknown}
 p - a potion of brilliance {unknown}


   Skills:
 + Level 6.6 Fighting
 + Level 1.2 Short Blades
 + Level 1.2 Long Blades
 + Level 6.6 Axes
 + Level 1.2 Maces & Flails
 + Level 1.2 Polearms
 + Level 1.2 Staves
 + Level 1.2 Ranged Weapons
 + Level 1.2 Throwing
 + Level 1.2 Armour
 + Level 1.2 Dodging
 + Level 1.2 Stealth
 + Level 1.2 Shields
 + Level 1.2 Unarmed Combat
 + Level 3.0 Spellcasting
 + Level 1.0 Conjurations
 + Level 1.0 Hexes
 + Level 1.0 Summonings
 + Level 1.0 Necromancy
 + Level 1.0 Translocations
 + Level 5.5 Fire Magic
 + Level 1.0 Ice Magic
 + Level 1.0 Air Magic
 + Level 1.0 Earth Magic
 + Level 1.0 Alchemy
 + Level 1.3 Invocations
 + Level 1.2 Evocations
 + Level 1.1 Shapeshifting


You had 9 spell levels left.
You didn't know any spells.
Your spell library contained the following spells:

 Spells                   Type           Power      Damage    Failure   Level
 Scorch                   Fire           34%        2d6       4%          2


Dungeon Overview and Level Annotations

Branches:
Dungeon (3/15)

Altars:


Innate Abilities, Weirdness & Mutations

You have very sharp teeth.
Your uncanny sense of smell can sniff out nearby items.
Your experience applies equally to all skills.


Message History

The orc priest shouts!
You hear a shout!
The orc priest looks satisfied for a moment.
You completely miss the orc priest. The orc priest barely misses you.
You hit the orc priest. You burn the orc priest.
The orc priest is lightly wounded.
A goblin comes into view.
It is wielding a +4 dagger of electrocution.
A kobold and an orc come into view.
The kobold is wielding a +1 short sword of speed.
The kobold shouts!
The orc priest barely misses you.
The orc shouts!
You hit the orc priest but do no damage. x2
The orc priest invokes the aid of Beogh against you.
Beogh smites you! The orc priest misses you.
An orc priest comes into view. It is wielding a +0 club.
A giant cockroach comes into view.
The orc priest shouts!
You hit the orc priest but do no damage.
You bite the orc priest.
The orc priest is lightly wounded.
You hit the orc priest. You burn the orc priest.
The orc priest hits you with a +0 hand axe.
The orc priest closely misses you.
You completely miss the orc priest.
The orc priest is severely wounded.
You hit the orc priest but do no damage.
The orc priest hits you with a +0 hand axe. x2
* * * LOW HITPOINT WARNING * * *
You hit the orc priest. You burn the orc priest.
The orc priest is almost dead.
You hit the orc priest. You burn the orc priest. The orc priest misses you.
The orc priest hits you with a +0 hand axe.
* * * LOW HITPOINT WARNING * * *
A hobgoblin comes into view.
A protective cloak of flame settles atop you.
The hobgoblin shouts!
The goblin hits you with a +4 dagger of electrocution.
* * * LOW HITPOINT WARNING * * *
You are electrocuted!
You die...

...........? ..
...........# ....
.#.........<###..g.
.[.................
#............#...#<
#..................
#..................
#.........g.B#.....
######...@oKo......
##..o..........
#.......)..#...
#..#####.o.....
##..# .......
##..## #......
#...# ......
#....#.# ......
....##...# ......


You could see 3 orc priests, an orc, a giant cockroach, a hobgoblin, a goblin
and a kobold.

Vanquished Creatures
  3 adders
  2 dart slugs
  3 ribbon worms (D:2)
  5 ball pythons
  6 bats
  5 endoplasms
  2 giant cockroaches
  8 goblins
  A hobgoblin (D:2)
  5 kobolds
  A quokka (D:1)
  5 frilled lizards
  7 rats
53 creatures vanquished.

Notes
Turn   | Place    | Note
-------+----------+-------------------------------------------
     0 | D:1      | unlimited1921 the Gnoll Cinder Acolyte began the quest for
                  | the Orb.
     0 | D:1      | Reached XP level 1. HP: 23/23 MP: 4/4
   371 | D:1      | Reached XP level 2. HP: 29/29 MP: 5/5
   675 | D:1      | Reached XP level 3. HP: 35/35 MP: 7/7
  1139 | D:1      | Reached skill level 1 in Invocations
  1627 | D:2      | Reached skill level 1 in Short Blades
  1627 | D:2      | Reached skill level 1 in Long Blades
  1627 | D:2      | Reached skill level 1 in Maces & Flails
  1627 | D:2      | Reached skill level 1 in Polearms
  1627 | D:2      | Reached skill level 1 in Staves
  1627 | D:2      | Reached skill level 1 in Ranged Weapons
  1627 | D:2      | Reached skill level 1 in Throwing
  1627 | D:2      | Reached skill level 1 in Armour
  1627 | D:2      | Reached skill level 1 in Dodging
  1627 | D:2      | Reached skill level 1 in Stealth
  1627 | D:2      | Reached skill level 1 in Shields
  1627 | D:2      | Reached skill level 1 in Unarmed Combat
  1627 | D:2      | Reached skill level 1 in Evocations
  1706 | D:2      | Reached skill level 1 in Shapeshifting
  1706 | D:2      | Reached XP level 4. HP: 31/41 MP: 8/8
  2566 | D:2      | Reached skill level 1 in Conjurations
  2566 | D:2      | Reached skill level 1 in Hexes
  2566 | D:2      | Reached skill level 1 in Summonings
  2566 | D:2      | Reached skill level 1 in Necromancy
  2566 | D:2      | Reached skill level 1 in Translocations
  2566 | D:2      | Reached skill level 1 in Ice Magic
  2566 | D:2      | Reached skill level 1 in Air Magic
  2566 | D:2      | Reached skill level 1 in Earth Magic
  2566 | D:2      | Reached skill level 1 in Alchemy
  2913 | D:3      | Mangled by a goblin

Illustrated notes

Levels and vault maps discovered:
D:1:      psy_arrival_radial02, layout_basic
D:2:      layout_basic, serial_bayou, serial_bayou_lagoon_a,
          serial_bayou_pond_a, serial_bayou_pond_d, serial_bayou_lake_a,
          minmay_between
D:3:      layout_rooms

Skill      XL: |  1  2  3  4 |
---------------+-------------+-----
Invocations    | 1 |  1.3
Short Blades   | 1 |  1.2
Long Blades    | 1 |  1.2
Maces & Flails | 1 |  1.2
Polearms       | 1 |  1.2
Staves         | 1 |  1.2
Ranged Weapons | 1 |  1.2
Throwing       | 1 |  1.2
Armour         | 1 |  1.2
Dodging        | 1 |  1.2
Stealth        | 1 |  1.2
Shields        | 1 |  1.2
Unarmed Combat | 1 |  1.2
Evocations     | 1 |  1.2
Shapeshifting  | 1 |  1.1
Spellcasting   | 3 |  3.0
Conjurations   | 1 |  1.0
Hexes          | 1 |  1.0
Summonings     | 1 |  1.0
Necromancy     | 1 |  1.0
Translocations | 1 |  1.0
Ice Magic      | 1 |  1.0
Air Magic      | 1 |  1.0
Earth Magic    | 1 |  1.0
Alchemy        | 1 |  1.0
Fighting       | |  6.6
Axes           | |  6.6
Fire Magic     | |  5.5

Action                     |  1- 3 |  4- 6 || total
---------------------------+-------+-------++-------
  Melee: Hand axe          |    86 |    90 ||   176
         Bite              |     3 |     8 ||    11
         Punch             |     2 |     1 ||     3
 Invoke: Fiery Armour      |       |     1 ||     1
   Stab: Sleeping          |       |     2 ||     2
 Armour: Robe              |    25 |       ||    25
         Leather armour    |    16 |    33 ||    49
  Dodge: Dodged            |    61 |    94 ||   155
